 Dungeon Crawl Stone Soup version 0.25-a0-279-g53730b6a6f (webtiles) character file.

Game seed: 2576959157788964742, levelgen mode: deterministic

102 Faustar the Conjurer (level 4, -5/33 HPs)
             Began as a Draconian Conjurer on Dec 10, 2019.
             Killed by miscasting Fulminant Prism (38 damage)
             ... in a sewer.
             The game lasted 00:07:34 (2338 turns).

Faustar the Conjurer (Draconian Conjurer)           Turns: 2338, Time: 00:07:34

Health: -5/33      AC:  7    Str: 10    XL:     4   Next: 49%
Magic:  13/17      EV: 12    Int: 16    God:
Gold:   89         SH:  0    Dex: 12    Spells: 2/9 levels left

rFire    . . .     SeeInvis .   h - +1 dagger (venom)
rCold    . . .     Gourm    .   (no shield)
rNeg     . . .     Faith    .   (armour unavailable)
rPois    .         Spirit   .   (helmet restricted)
rElec    .         Reflect  .   (no cloak)
rCorr    .         Harm     .   a - +1 pair of gloves
MR       .....                  (no boots)
Stlth    ++........             (no amulet)
HPRegen  0.11/turn              n - ring of magical power
MPRegen  0.15/turn              (no ring)

@: very slightly contaminated
A: unfitting armour, cold-blooded, AC +5
a: no special abilities


You were in a sewer.
You were not hungry.

You visited 1 branch of the dungeon, and saw 3 of its levels.
You also visited: Sewer.

You collected 89 gold pieces.

Inventory:

Hand Weapons
 h - a +1 dagger of venom (weapon)
Armour
 a - a +1 pair of gloves (worn)
 m - a +0 buckler
Jewellery
 n - a ring of magical power (left hand)
Scrolls
 d - 2 scrolls of identify
Potions
 c - a potion of magic {unknown}
 e - 2 potions of flight
 g - 4 potions of heal wounds {unknown}
 i - a potion of curing {unknown}
 k - a potion of berserk rage {unknown}
 o - a potion of brilliance {unknown}
 p - 2 potions of resistance {unknown}
 q - 4 potions of agility {unknown}
Comestibles
 b - 5 rations
 f - a chunk of flesh


   Skills:
 - Level 1.7 Dodging
 - Level 1.7 Stealth
 - Level 1.0 Unarmed Combat
 + Level 3.0 Spellcasting
 + Level 5.2 Conjurations


You had 2 spell levels left.
You knew the following spells:

 Your Spells              Type           Power        Failure   Level  Hunger
a - Magic Dart            Conj           ###.         2%          1    #......
b - Searing Ray           Conj           ###...       3%          2    ##.....
c - Fulminant Prism       Conj/Hex       ##........   54%         4    #####..

Your spell library contained the following spells:

 Spells                   Type           Power        Failure   Level  Hunger
 Dazzling Flash           Conj/Hex       ##....       19%         3    ###....
 Iskenderun's Mystic Bla  Conj/Tloc      ##......     54%         4    #####..


Dungeon Overview and Level Annotations

Branches:
Dungeon (3/15)              Sewer (1/1)

Altars:


Innate Abilities, Weirdness & Mutations

Your plain brown scales are hard. (AC +5)
You cannot fit into any form of body armour.
You are cold-blooded and may be slowed by cold attacks.


Message History

The magic dart hits the rat.
You kill the rat!
Okay, then.
This spell is very dangerous to cast!
Memorise Fulminant Prism, consuming 4 spell levels and leaving 2?
You start memorising the spell.
You continue memorising. x4
You finish memorising.
Spell assigned to 'c'.
Casting: Magic Dart (safe; 2% risk of failure)
Confirm with . or Enter, or press ? or * to list all spells.
The spell is very dangerous to cast (54% risk of failure)!
Continue anyway? [Y]es or [N]o only, please.
The spell is very dangerous to cast (54% risk of failure)!
Continue anyway?
Aiming: Fulminant Prism (very dangerous; 54% risk of failure)
Press: ? - help, Dir - move target cursor You miscast Fulminant Prism.
You are very lightly contaminated with residual magic.
There is a sudden explosion of magical energy!
The explosion engulfs you!!!
Ouch! That really hurt!
You die...

### #### # ##rr## #...S
..####rrrr.###.....
........rr......... .......
#......†... .......####†.....#
........##......##
.......@..≈≈≈.≈≈≈≈≈≈≈
≈≈≈≈≈≈≈≈≈≈.....≈.≈.≈≈≈≈≈≈≈≈≈≈≈≈≈#
≈≈≈≈≈≈≈≈≈≈≈≈≈≈≈≈≈≈≈≈≈≈≈≈≈≈≈≈≈≈≈#≈
≈≈≈≈≈≈≈≈≈≈≈≈≈≈≈≈≈≈≈≈≈≈≈≈≈≈≈≈≈≈≈≈#
≈≈≈≈≈≈≈≈≈≈.≈.≈≈..≈≈≈≈≈≈≈≈≈≈≈≈≈≈#
≈≈≈≈≈≈≈≈≈≈≈.......≈≈≈≈≈≈≈≈≈≈≈≈≈##
≈.≈≈.≈≈≈..........≈≈≈≈≈≈≈≈≈≈≈≈≈#.
.......................≈.≈≈(...#.
..............................().


You could see a rat (sleeping).

Vanquished Creatures
  2 river rats (D:3)
  2 adders (D:2)
  A worm (D:3)
  4 dart slugs
  A leopard gecko (D:3)
  An orc (D:3)
  3 ball pythons
  5 bats
  2 giant cockroaches
  5 goblins (D:1)
  A hobgoblin (D:1)
  11 kobolds
  5 frilled lizards
  12 rats
55 creatures vanquished.

Notes
Turn   | Place    | Note
-------+----------+-------------------------------------------
     0 | D:1      | Faustar the Draconian Conjurer began the quest for the Orb.
     0 | D:1      | Reached XP level 1. HP: 14/14 MP: 3/3
   265 | D:1      | Reached XP level 2. HP: 20/20 MP: 0/5
   349 | D:1      | Learned a level 2 spell: Searing Ray
   651 | D:1      | Reached XP level 3. HP: 23/26 MP: 1/6
  1017 | D:2      | Reached skill level 1 in Unarmed Combat
  1768 | D:3      | Found a faded altar of an unknown god.
  1973 | D:3      | Reached skill level 5 in Conjurations
  1973 | D:3      | Reached XP level 4. HP: 33/33 MP: 8/8
  1986 | D:3      | Found a glowing drain.
  2083 | Sewer    | Entered a sewer
  2337 | Sewer    | Learned a level 4 spell: Fulminant Prism
  2338 | Sewer    | Killed by miscasting Fulminant Prism

Levels and vault maps discovered:
D:1:      minmay_arrival_open_corners, layout_basic, hex_intersection,
          serial_park_tiny_2, minmay_misc_feat_enclosed
D:2:      layout_loops_ring
D:3:      layout_basic, portal_sewer_entry_a, chequers_ecumenical_altar_simple,
          uniq_ijyb
Sewer:    sewer_minmay_treatment

Skill      XL: |  1  2  3  4 |
---------------+-------------+-----
Unarmed Combat | 1 |  1.0
Conjurations   | 5 |  5.2
Spellcasting   | 3 |  3.0
Dodging        | |  1.7
Stealth        | |  1.7

Action                   |  1- 3 |  4- 6 || total
-------------------------+-------+-------++-------
Melee: Unarmed           |    28 |       ||    28
       Tailslap          |     4 |     1 ||     5
       Club              |    20 |     6 ||    26
 Cast: Magic Dart        |    58 |    17 ||    75
       Searing Ray       |     4 |     5 ||     9
  Use: Scroll            |     7 |       ||     7
 Stab: Sleeping          |     1 |       ||     1
  Eat: Chunk             |     2 |       ||     2
       Ration            |     1 |       ||     1
Armor: Skin              |    31 |     8 ||    39
Dodge: Dodged            |    51 |     5 ||    56

Table legend:
 A = Non-vault XP
 B = Vault XP
 C = Vault XP percentage of total XP
 D = Non-vault monster count
 E = Vault monster count
 F = Vault count percentage of total count
                 A         B        C        D         E       F
            +---------+---------+-------+---------+---------+-------
      Total |      97 |      49 |  33.6 |      35 |      20 |  36.4
            +---------+---------+-------+---------+---------+-------
        D:1 |      45 |       0 |   0.0 |      23 |       0 |   0.0
        D:2 |      38 |       0 |   0.0 |       7 |       0 |   0.0
        D:3 |      14 |      27 |  65.9 |       5 |       2 |  28.6
      Sewer |       0 |      22 | 100.0 |       0 |      18 | 100.0
            +---------+---------+-------+---------+---------+-------
